 Dungeon Crawl Stone Soup version 0.30.2 (webtiles) character file.

Game seed: 3325854352341271400

107 porpoise the Shooter (level 4, -1/39 HPs)
             Began as a Minotaur Hunter on Mar 10, 2024.
             Slain by an orc priest
             ... wielding a +0 short sword
              (5 damage)
             ... on level 3 of the Dungeon.
             The game lasted 00:03:44 (2188 turns).

porpoise the Shooter (Minotaur Hunter)              Turns: 2188, Time: 00:03:44

Health: -1/39      AC:  4    Str: 15    XL:     4   Next: 57%
Magic:  3/3        EV: 12    Int:  6    God:
Gold:   151        SH:  0    Dex: 16    Spells: 3/3 levels left

rFire   + . .        a - +0 shortbow
rCold   + . .        (shield currently unavailable)
rNeg    . . .        r - +1 leather armour {rC+}
rPois   .            (helmet restricted)
rElec   .            (no cloak)
rCorr   .            (no gloves)
SInv    .            (no boots)
Will    .....        (no amulet)
Stlth   +            p - ring of protection from fire
HPRegen 0.26/turn    (no ring)
MPRegen 0.08/turn

%: no passive effects
@: no status effects
A: horns 2, retaliatory headbutt
a: no special abilities


You were on level 3 of the Dungeon.
You visited 1 branch of the dungeon, and saw 3 of its levels.

You collected 151 gold pieces.

Inventory:

Hand Weapons
 a - a +0 shortbow (weapon)
 b - a +0 dagger of venom
Missiles
 c - 4 poisoned darts
 m - 2 javelins
Armour
 r - a +1 leather armour of cold resistance (worn)
Jewellery
 o - a ring of flight
 p - a ring of protection from fire (left hand)
Scrolls
 d - a scroll of fog {unknown}
 e - 2 scrolls of immolation
 g - a scroll of teleportation
 h - 2 scrolls of magic mapping {unknown}
 i - a scroll of acquirement {unknown}
 n - a scroll of noise {unknown}
 q - a scroll of poison {unknown}
 s - a scroll of identify
 t - a scroll of enchant armour {unknown}
 u - a scroll of brand weapon {unknown}
 w - a scroll of blinking {unknown}
Potions
 f - a potion of mutation
 j - 2 potions of curing
 k - a potion of berserk rage
 l - 2 potions of heal wounds
 v - a potion of attraction {unknown}
 x - a potion of flight {unknown}


   Skills:
 + Level 3.6 Fighting
 * Level 5.6 Ranged Weapons
 + Level 2.3 Armour
 - Level 2.1 Dodging
 - Level 0.7 Stealth


You had 3 spell levels left.
You didn't know any spells.
Your spell library was empty.

Dungeon Overview and Level Annotations

Branches:
Dungeon (3/15)

Altars:


Innate Abilities, Weirdness & Mutations

You have a pair of horns on your head.
You reflexively headbutt those who attack you in melee.


Message History

The orc closely misses you. You furiously retaliate!
You headbutt the orc.
You kill the orc!
The orc wizard casts a spell at you. The puff of flame hits you. You resist.
You shoot an arrow.
The arrow hits the orc wizard but does no damage.
The orc wizard is lightly wounded.
The orc wizard points at you and mumbles some strange words.
The puff of flame hits you. You resist.
You shoot an arrow. The arrow hits the orc priest.
The orc priest is moderately wounded.
The orc priest mumbles some strange prayers to Beogh against you.
Pain shoots through your body!
You shoot an arrow.
The arrow hits the orc priest but does no damage.
The orc priest is moderately wounded.
The orc priest closely misses you. The orc wizard closely misses you.
You shoot an arrow. The arrow hits the orc priest.
The orc priest is severely wounded.
The orc priest hits you but does no damage.
The orc wizard hits you but does no damage.
The orc priest mumbles some strange prayers to Beogh against you.
Pain shoots through your body!
The orc wizard gestures wildly while chanting.
The orc wizard flickers and vanishes!
Deactivating autopickup; reactivate with Ctrl-A.
You are too injured to fight recklessly!
You are too injured to fight recklessly!
You shoot an arrow. The arrow barely misses the orc priest.
The orc priest misses you. Something hits you but does no damage.
You shoot an arrow. The arrow hits the orc priest.
The orc priest is severely wounded.
Something hits you but does no damage.
The orc priest invokes the aid of Beogh against you.
Beogh smites you!
* * * LOW HITPOINT WARNING * * *
You shoot an arrow.
The arrow closely misses the orc priest.
The orc priest hits you with a +0 short sword.
You die...

.# .# ### .# #.. .#
#+# # #.# (# #.#
#.#.# .# #.#
#.#.##.# ####<##
#..o@{.#
.†#...#########.####
#...............#
#.#......########
#.##.#.<.#
.........#
##########


You could see an orc priest.

Vanquished Creatures
  3 gnolls (D:2)
  2 adders
  A dart slug (D:1)
  4 orcs
  4 endoplasms
  A giant cockroach (D:2)
  4 goblins
  4 hobgoblins
  8 jackals
  3 kobolds
  2 quokkas
  11 ball pythons
  2 bats
  A frilled lizard (D:1)
50 creatures vanquished.

Notes
Turn   | Place    | Note
-------+----------+-------------------------------------------
     0 | D:1      | porpoise the Minotaur Hunter began the quest for the Orb.
     0 | D:1      | Reached XP level 1. HP: 18/18 MP: 0/0
   121 | D:1      | Reached XP level 2. HP: 18/25 MP: 1/1
   175 | D:1      | Reached skill level 1 in Armour
  1186 | D:2      | Reached skill level 5 in Ranged Weapons
  1194 | D:2      | Reached XP level 3. HP: 19/31 MP: 2/2
  1442 | D:2      | Reached XP level 4. HP: 27/38 MP: 3/3
  2188 | D:3      | Slain by an orc priest

Illustrated notes

Levels and vault maps discovered:
D:1:      ebering_hopf_link, layout_basic, minmay_box_of_dots
D:2:      layout_rooms, minmay_misc_feat_five, nicolae_grassy_gnolls
D:3:      layout_loops_corners, mainiacjoe_overflow_small_starburst,
          uniq_jessica

Skill      XL: |  1  2  3 |
---------------+----------+-----
Armour         | 1 2 |  2.3
Fighting       | 3 |  3.6
Ranged Weapons | 5 |  5.6
Dodging        | |  2.1
Stealth        | |  0.7

Action                     |  1- 3 |  4- 6 || total
---------------------------+-------+-------++-------
   Fire: Shortbow          |    81 |    65 ||   146
    Use: Scroll            |     5 |       ||     5
 Armour: Leather armour    |     6 |    19 ||    25
  Dodge: Dodged            |    26 |    27 ||    53
